AoeStats
← 76896859

Arabia

505292537Analyzed
1v1 RM · 23d ago on Sep 8, 2026· 38m 15s· 2 players
Game mode
Random Map
Map size
Tiny (2 player)
Population
200
Speed
Normal
Resources
Standard
Victory
Conquest
Starting age
Dark Age
Ending age
Imperial Age
RankedLock teamsTeams togetherTeam positionsShared explorationLock speedFull tech treeHidden civsTurbo modeCheats
Victory
Defeat
🇨🇳 Huns · China
1044
+15
🇨🇴 Persians · Colombia
1016
-15
Reibud
7:34 Loom
9:45 Feudal Age
14:54 Castle Age
25:32 Double-Bit Axe
25:28 Horse Collar
25:40 Gold Mining
35:58 Wheelbarrow
36:52 Bloodlines
36:43 Husbandry
36:50 Scale Barding Armor
38:11 Chain Barding Armor
38:02 Forging
38:11 Bloodlines
38:01 Husbandry
76896859
5:03 Loom
9:19 Feudal Age
10:44 Double-Bit Axe
11:58 Horse Collar
18:19 Wheelbarrow
25:29 Castle Age
24:16 Scale Barding Armor
24:09 Gold Mining
24:59 Bloodlines
27:13 Forging
32:10 Bow Saw
32:11 Heavy Plow
33:03 Husbandry
35:00 Chain Barding Armor
36:31 Iron Casting
38:26 Hand Cart
Connection lost

Rejoining the realm…

Still unreachable

The connection could not be restored.

Session expired

The server has moved on; the page needs a fresh start.